 Dungeon Crawl Stone Soup version 0.14-a0-1863-gcc20582 (webtiles) character file.

160 Kae the Ruffian (level 4, 0/35 HPs)
             Began as a Draconian Transmuter on Jan 13, 2014.
             Was an Initiate of Sif Muna.
             Slain by a hobgoblin
             ... wielding a +0,+0 orcish club
              (1 damage)
             ... on Level 3 of the Dungeon.
             The game lasted 00:02:28 (2074 turns).

Kae the Ruffian (Draconian Transmuter)              Turns: 2074, Time: 00:02:28

HP   0/35        AC  5     Str 13      XL: 4   Next:  4%
MP   7/7         EV 12     Int 13      God: Sif Muna [......]
Gold 90          SH  0     Dex 12      Spells:  3 memorised,  1 level left

rFire  . . .     SeeInvis .       - Unarmed
rCold  . . .     Clarity  .     (armour unavailable)
rNeg   . . .     Conserve .     (no shield)
rPois  .         rCorr    .     (helmet restricted)
rElec  .         rRot     .     (no cloak)
SustAb . .       Spirit   .     (no gloves)
rMut   .         Warding  .     (no boots)
Saprov . . .     Stasis   .     (no amulet)
MR     .....                    (no ring)
                                (no ring)

@: not resistant to hostile enchantments, unstealthy
A: unfitting armour, AC +5
a: Renounce Religion


You were on level 3 of the Dungeon.
You worshipped Sif Muna.
Sif Muna was noncommittal.
You were not hungry.

You visited 1 branch of the dungeon, and saw 3 of its levels.

You collected 90 gold pieces.

Inventory:

Missiles
 b - 12 arrows
Comestibles
 a - 3 bread rations
 k - a meat ration
Scrolls
 c - 2 scrolls of random uselessness {unknown}
 e - 3 scrolls of remove curse {unknown}
 f - a scroll of immolation {unknown}
 g - a scroll of fear {unknown}
 i - 2 scrolls of enchant weapon I {unknown}
 j - a scroll of teleportation {unknown}
 l - 3 scrolls of identify {unknown}
 m - a scroll of enchant armour {unknown}
 n - a scroll of magic mapping {unknown}
 o - a scroll of curse weapon {unknown}
Potions
 h - a potion of paralysis {unknown}
 p - a potion of heal wounds {unknown}
Books
 d - a book of Changes

   Spells                             Type                      Level
   *Beastly Appendage                 Transmutation                1
   *Sticks to Snakes                  Transmutation                2
   *Spider Form                       Transmutation/Poison         3
   Ice Form                           Ice/Transmutation            4
   Blade Hands                        Transmutation                5


   Skills:
 - Level 1.1 Fighting
 - Level 1.7 Dodging
 * Level 4.2 Unarmed Combat
 - Level 2.0 Spellcasting
 + Level 3.1 Transmutations


You had one spell level left.
You knew the following spells:

 Your Spells              Type           Power        Failure   Level  Hunger
a - Beastly Appendage     Trmt           #.....       10%         1    ##.....
b - Sticks to Snakes      Trmt           #.........   12%         2    ###....
c - Spider Form           Trmt/Pois      #.........   38%         3    ####...


Dungeon Overview and Level Annotations

Branches:
Dungeon (3/16)

Altars:
Sif Muna
Trog


Message History

You miss the adder. Your kick misses the adder.
The adder is moderately wounded.
Your talons disappear.
The adder bites you but does no damage. The adder bites you.
* * * LOW HITPOINT WARNING * * *
You hit the hobgoblin.
The hobgoblin is heavily wounded.
The hobgoblin hits you but does no damage.
The adder barely misses you.
You hit the hobgoblin but do no damage.
The hobgoblin is heavily wounded.
The hobgoblin hits you with an orcish club.
* * * LOW HITPOINT WARNING * * *
The adder barely misses you.
You barely miss the hobgoblin.
The hobgoblin is heavily wounded.
The adder bites you.
* * * LOW HITPOINT WARNING * * *
The hobgoblin hits you with an orcish club.
You die...

...............#.# .
...............#.##.
........%......#>..
...............+..#
...............#..#
..%....####....#.(#
###'#######....#..#
#.# #........?#
###.# #.######@##
....# #.
#..%gSb...... #####
# #.##.##..... # #..
.... # $.. ...
######### #.## .
'........ ...
######### #.# # #.#


You could see an adder, a hobgoblin and a bat.

Vanquished Creatures
  2 adders
  A giant mite (D:2)
  2 ball pythons (D:1)
  4 giant cockroaches
  5 goblins
  7 hobgoblins
  3 jackals (D:1)
  4 kobolds
  6 bats
  2 giant geckos
  2 giant newts
  2 rats
40 creatures vanquished.

Notes
Turn   | Place    | Note
--------------------------------------------------------------
     0 | D:1      | Kae, the Draconian Transmuter, began the quest for the Orb.
     0 | D:1      | Reached XP level 1. HP: 16/16 MP: 3/3
   450 | D:1      | Reached XP level 2. HP: 23/23 MP: 2/4
  1139 | D:1      | Reached XP level 3. HP: 23/28 MP: 6/6
  1185 | D:2      | Learned a level 2 spell: Sticks to Snakes
  1189 | D:2      | Learned a level 3 spell: Spider Form
  1447 | D:2      | Found a bloodstained altar of Trog.
  1502 | D:2      | Reached skill level 4 in Unarmed Combat
  1915 | D:3      | Found a deep blue altar of Sif Muna.
  1981 | D:3      | Became a worshipper of Sif Muna the Loreminder
  2064 | D:3      | Reached XP level 4. HP: 23/35 MP: 7/7
  2074 | D:3      | HP: 1/35 [adder (3)]
  2074 | D:3      | Slain by a hobgoblin

Action                   |  1- 3 |  4- 6 || total
-------------------------+-------+-------++-------
Melee: Unarmed           |   186 |    10 ||   196
 Cast: Beastly Appendage |    17 |       ||    17
